 Dungeon Crawl Stone Soup version 0.28-a0-1032-ga8db75c868 (webtiles) character file.

Game seed: 5895674934031826775

20 DrunkBamboolord the Skirmisher (level 2, -1/25 HPs)
             Began as a Palentonga Fighter on Dec 7, 2021.
             Slain by a gnoll (2 damage)
             ... on level 2 of the Dungeon.
             The game lasted 00:03:31 (784 turns).

DrunkBamboolord the Skirmisher (Palentonga Fighter)  Turns: 784, Time: 00:03:32

Health: -1/25      AC:  6    Str: 19    XL:     2   Next: 58%
Magic:  2/2        EV:  7    Int:  8    God:
Gold:   70         SH:  4    Dex:  9    Spells: 1/1 levels left

rFire   . . .      SeeInvis +   a - +0 war axe (venom)
rCold   . . .      Faith    .   c - +0 buckler
rNeg    . . .      Spirit   .   b - +0 scale mail
rPois   .          Reflect  .   (no helmet)
rElec   .          Harm     .   (no cloak)
rCorr   .          Rampage  .   (no gloves)
Will    .....                   (no barding)
Stlth   ..........              (no amulet)
HPRegen 0.08/turn               (no ring)
MPRegen 0.08/turn               (no ring)

@: no status effects
A: large, rugged brown scales 3, see invisible, deformed body, roll 1, armoured
tail
a: Rolling Charge


You were on level 2 of the Dungeon.
You visited 1 branch of the dungeon, and saw 2 of its levels.

You collected 70 gold pieces.

Inventory:

Hand Weapons
 a - a +0 war axe of venom (weapon)
Armour
 b - a +0 scale mail (worn)
 c - a +0 buckler (worn)
Scrolls
 e - 3 scrolls of fog
Potions
 d - a potion of might
 g - a potion of brilliance


   Skills:
 * Level 3.2 Fighting
 * Level 2.2 Axes
 * Level 2.7 Armour
 * Level 2.6 Shields


You had one spell level left.
You didn't know any spells.
Your spell library was empty.

Dungeon Overview and Level Annotations

Branches:
Dungeon (2/15)

Altars:


Innate Abilities, Weirdness & Mutations

You are completely covered in rugged brown scales. (AC +3, +7% HP)
You have supernaturally acute eyesight. (SInv)
Armour fits poorly on your strangely shaped body.
You can roll at nearby foes to attack.
You have a long armoured tail.


Message History

There is an open door here.
There is an open door here.
There is an open door here.
There is an open door here.
There is an open door here.
There is a stone staircase leading down here.
You climb downwards.
Found 29 stones and a hand axe.
Found an escape hatch in the ceiling.
There is a stone staircase leading up here.
Found 31 stones.
Found a stone staircase leading down.
There is an escape hatch in the ceiling here. 2 gnolls come into view.
The gnoll shouts!
A gnoll comes into view. It is wielding a +0 halberd.
You see here 16 gold pieces.
Found 13 gold pieces.
The gnoll shouts!
You see here 16 gold pieces.
You now have 70 gold pieces (gained 16).
Roll where?
Press: ? - help, Q - select action Dir - move target, f - gnoll
Aim: a gnoll, wielding a +0 club You roll forward with a clatter of scales!
You closely miss the gnoll.
Your tail-slap misses the gnoll.
You hit the gnoll but do no damage.
You hear an angry hiss.
You block the gnoll's attack. The gnoll hits you with a +0 club.
Roll where?
Press: ? - help, Q - select action Dir - move target, f - gnoll, p - gnoll
Aim: a gnoll, wielding a +0 halberd You roll forward with a clatter of scales!
You closely miss the gnoll. You hit the gnoll but do no damage.
The gnoll is poisoned.
You hit the gnoll. The gnoll hits you with a +0 flail.
The gnoll hits you with a +0 halberd!
* * * LOW HITPOINT WARNING * * *
The gnoll hits you with a +0 club.
* * * LOW HITPOINT WARNING * * *
The gnoll hits you with a +0 flail.
You die...

#. ..# #.##.# # ..#.#
##$ #...# # ....#....
#######.#
.#......#+##.......####
.......g.....#... ...(
......g@○....#.##
..####
######..g°......##.....
#..!.○.##<.(....#
#$.######...#.#.# ##.#
#...<...# #..
#.#.####### #..
#.......... ##.
#...####### #...#


You could see 3 gnolls.

Vanquished Creatures
  An endoplasm (D:1)
  A giant cockroach (D:1)
  3 goblins (D:1)
  2 hobgoblins (D:1)
  3 kobolds (D:1)
  2 ball pythons (D:1)
  3 bats (D:1)
  3 rats (D:1)
18 creatures vanquished.

Notes
Turn   | Place    | Note
-------+----------+-------------------------------------------
     0 | D:1      | DrunkBamboolord the Palentonga Fighter began the quest for
                  | the Orb.
     0 | D:1      | Reached XP level 1. HP: 19/19 MP: 1/1
   233 | D:1      | Found a faded altar of an unknown god.
   234 | D:1      | Reached XP level 2. HP: 25/25 MP: 2/2
   784 | D:2      | HP: 1/25 [gnoll (4)]
   784 | D:2      | Slain by a gnoll

Illustrated notes

Levels and vault maps discovered:
D:1:      co_arrival_random_square_maze, layout_loops_ring,
          ebering_ecumenical_altar_mist
D:2:      layout_basic, basic_altar

Action                   || total
-------------------------++-------
Melee: War axe           ||    40
       Tailslap          ||     4
 Abil: Rolling Charge    ||    22
  Use: Scroll            ||     5
Armor: Scale mail        ||     9
Dodge: Dodged            ||    14
Block: Buckler           ||     5

Table legend: (Time is in decaauts)
 A = Elapsed time spent in this place.
 B = Non-inter-level travel time spent in this place.
 C = Inter-level travel time spent in this place.
 D = Time resting spent in this place.
 E = Time spent auto-exploring this place.
 F = Levels seen in this place.
 G = Mean time per level.
                   A        B        C        D        E       F      G
               +--------+--------+--------+--------+--------+-----+--------+
         Total |    799 |    768 |     31 |      0 |    634 |   2 |  399.5 |
       Dungeon |    799 |    768 |     31 |      0 |    634 |   2 |  399.5 |
               +--------+--------+--------+--------+--------+-----+--------+

Top non-repeatable levels by time:
     D:1: 782 daAuts
     D:2: 17 daAuts
